 Dungeon Crawl Stone Soup version 0.29-a0-231-g945431f764 (webtiles) character file.

Game seed: 16495335752764847003

29 drugrobin the Chopper (level 2, -12/25 HPs)
             Began as a Demigod Fighter on Feb 28, 2022.
             Mangled by a kobold
             ... wielding a +0 whip of electrocution
              (20 damage)
             ... on level 2 of the Dungeon.
             The game lasted 00:01:14 (1036 turns).

drugrobin the Chopper (Demigod Fighter)             Turns: 1036, Time: 00:01:16

Health: -12/25     AC:  6    Str: 17    XL:     2   Next: 81%
Magic:  4/4        EV:  8    Int: 10    God:
Gold:   52         SH:  4    Dex: 13    Spells: 1/1 levels left

rFire   . . .      SeeInvis .   a - +0 war axe
rCold   . . .      Faith    .   c - +0 buckler
rNeg    . . .      Spirit   .   b - +0 scale mail
rPois   .          Reflect  .   (no helmet)
rElec   .          Harm     .   (no cloak)
rCorr   .          Rampage  .   (no gloves)
Will    .....                   (no boots)
Stlth   ..........              (no amulet)
HPRegen 0.08/turn               (no ring)
MPRegen 0.09/turn               (no ring)

@: no status effects
A: high MP 1, forlorn, divine attributes
a: no special abilities


You were on level 2 of the Dungeon.
You visited 1 branch of the dungeon, and saw 2 of its levels.

You collected 52 gold pieces.

Inventory:

Hand Weapons
 a - a +0 war axe (weapon)
Missiles
 g - 9 stones (quivered)
Armour
 b - a +0 scale mail (worn)
 c - a +0 buckler (worn)
Scrolls
 e - a scroll of brand weapon {unknown}
 h - 3 scrolls of identify {unknown}
 i - a scroll of teleportation {unknown}
 j - a scroll of noise {unknown}
 k - a scroll of torment {unknown}
 m - a scroll of magic mapping {unknown}
Potions
 d - a potion of might
 f - a potion of curing {unknown}
 l - a potion of lignification {unknown}


   Skills:
 - Level 2.6 Fighting
 + Level 3.2 Axes
 - Level 2.6 Armour
 - Level 2.6 Shields


You had one spell level left.
You didn't know any spells.
Your spell library was empty.

Dungeon Overview and Level Annotations

Branches:
Dungeon (2/15)


Innate Abilities, Weirdness & Mutations

You have an increased reservoir of magic. (+10% MP)
You shall have no god before yourself.
Your divine heritage dramatically boosts your attributes as you level up.


Message History

The adder poisons you! The adder barely misses you.
You hit the adder.
The adder is heavily wounded.
You feel very sick. The adder barely misses you.
You hit the adder.
The adder is heavily wounded.
You feel sick. The adder barely misses you. You block the adder's attack.
You hit the adder but do no damage.
The adder is heavily wounded.
You feel sick. The adder barely misses you.
The adder bites you but does no damage.
You closely miss the adder.
The adder is heavily wounded.
You feel sick. You block the adder's attack. x2
You slash the adder!
You kill the adder!
You feel sick.
You are no longer poisoned.
Your Axes skill increases to level 3!
You see here an adder corpse.
You start resting.
HP restored.
There is a stone staircase leading down, spattered with blood here.
You climb downwards.
The kobold hits you but does no damage.
You are electrocuted!
Ouch! That really hurt!
There is a stone staircase leading up here.
Unknown command.
Unknown command.
You hit the kobold.
The kobold is moderately wounded.
The kobold hits you but does no damage. The kobold barely misses you.
You miss the kobold.
The kobold is moderately wounded.
You block the bat's attack.
The kobold hits you with a +0 whip of electrocution.
You are electrocuted!!
Ouch! That really hurt!
You die...

.... ...# ...#
.S.# ...# ...#
########?..###$
#...@Kb....(...
..................
..##.)...........<
#.####.#...#.#. #.
#.#...# # #
#.#...# #.#...#
#$#...#


You could see a bat and a kobold.

Vanquished Creatures
  An adder (D:1)
  A dart slug (D:1)
  3 endoplasms (D:1)
  2 goblins (D:1)
  2 jackals (D:1)
  3 ball pythons (D:1)
  3 bats (D:1)
  A frilled lizard (D:1)
  A rat (D:1)
17 creatures vanquished.

Notes
Turn   | Place    | Note
-------+----------+-------------------------------------------
     0 | D:1      | drugrobin the Demigod Fighter began the quest for the Orb.
     0 | D:1      | Reached XP level 1. HP: 18/18 MP: 3/3
   129 | D:1      | Reached skill level 2 in Axes
   454 | D:1      | Reached XP level 2. HP: 24/25 MP: 4/4
   913 | D:1      | Reached skill level 3 in Axes
  1036 | D:2      | Mangled by a kobold

Illustrated notes

Levels and vault maps discovered:
D:1:      shiori_arrival_elements, layout_basic,
          chequers_ecumenical_altar_simple_redux
D:2:      layout_loops_cross, basic_altar, minmay_stone_trees_medium,
          grunt_ministairs_2, kennysheep_generic_room_13

Skill      XL: |  1  2 |
---------------+-------+-----
Axes           | 2 3 |  3.2
Fighting       | |  2.6
Armour         | |  2.6
Shields        | |  2.6

Action                   || total
-------------------------++-------
Melee: War axe           ||    53
Throw: Stone             ||     2
Armor: Scale mail        ||    30
Dodge: Dodged            ||    21
Block: Buckler           ||    16

Table legend: (Time is in decaauts)
 A = Elapsed time spent in this place.
 B = Non-inter-level travel time spent in this place.
 C = Inter-level travel time spent in this place.
 D = Time resting spent in this place.
 E = Time spent auto-exploring this place.
 F = Levels seen in this place.
 G = Mean time per level.
                   A        B        C        D        E       F      G
               +--------+--------+--------+--------+--------+-----+--------+
         Total |   1059 |   1049 |     10 |    118 |    750 |   2 |  529.5 |
       Dungeon |   1059 |   1049 |     10 |    118 |    750 |   2 |  529.5 |
               +--------+--------+--------+--------+--------+-----+--------+

Top non-repeatable levels by time:
     D:1: 1046 daAuts
     D:2: 13 daAuts
